 Dungeon Crawl Stone Soup version 0.21.0-25-ge575cb9 (webtiles) character file.

149 tidbits the Charmwright (level 5, -4/43 HPs)
             Began as a Gnoll Skald on Jan 26, 2018.
             Killed from afar by an orc wizard (11 damage)
             ... with a magic dart
             ... on level 6 of the Dungeon.
             The game lasted 00:05:11 (668 turns).

tidbits the Charmwright (Gnoll Skald)                Turns: 668, Time: 00:05:11

Health: -4/43      AC:  3    Str: 13    XL:     5   Next: 31%
Magic:  3/12       EV: 14    Int: 22    God:
Gold:   104        SH:  0    Dex: 14    Spells: 3/14 levels left

rFire    . . .     SeeInvis .   a - +0 hand axe
rCold    . . .     Gourm    .   (no shield)
rNeg     . . .     Faith    .   b - +0 leather armour
rPois    .         Spirit   .   (no helmet)
rElec    .         Reflect  .   (no cloak)
rCorr    .         Harm     .   (no gloves)
MR       .....                  (no boots)
Stlth    ++........             (no amulet)
HPRegen  0.14/turn              W - ring of wizardry
MPRegen  0.13/turn              (no ring)

@: brilliant, flying
A: distributed training, fangs 1, strong nose
a: no special abilities


You were on level 6 of the Dungeon.
You were not hungry.

You visited 1 branch of the dungeon, and saw 6 of its levels.

You collected 104 gold pieces.

Inventory:

Hand Weapons
 a - a +0 hand axe (weapon)
 e - a +0 short sword
 f - a cursed -3 dagger
Missiles
 k - 29 sling bullets
 l - 11 stones (quivered)
 r - 2 throwing nets {!f}
Armour
 b - a +0 leather armour (worn)
Jewellery
 W - a ring of wizardry (left hand)
   (You found it on level 3 of the Dungeon)
Scrolls
 h - a scroll of random uselessness {unknown}
 i - a scroll of fog {unknown}
 m - 3 scrolls of teleportation {unknown}
 o - a scroll of fear {unknown}
 p - a scroll of blinking {unknown}
 q - 2 scrolls of identify {unknown}
 t - a scroll of remove curse {unknown}
 u - a scroll of amnesia {unknown}
Potions
 g - a potion of flight
 j - a potion of curing
 s - a potion of cancellation {unknown}
Books
 c - a book of Battle

   Spells                             Type                      Level
   a - Infusion                       Charms                       1
   b - Shroud of Golubria             Charms/Translocation         2
   c - Song of Slaying                Charms                       2
   d - Spectral Weapon                Hexes/Charms                 3
   e - Regeneration                   Charms/Necromancy            3
Comestibles
 d - 5 rations


   Skills:
 + Level 4.7 Fighting
 + Level 1.4 Short Blades
 + Level 1.4 Long Blades
 + Level 4.7 Axes
 + Level 1.4 Maces & Flails
 + Level 1.4 Polearms
 + Level 1.4 Staves
 + Level 1.4 Slings
 + Level 1.4 Bows
 + Level 1.4 Crossbows
 + Level 1.4 Throwing
 + Level 2.9 Armour
 + Level 4.7 Dodging
 + Level 1.4 Stealth
 + Level 1.4 Shields
 + Level 1.4 Unarmed Combat
 + Level 5.1 Spellcasting
 + Level 1.1 Conjurations
 + Level 1.1 Hexes
 + Level 5.5 Charms
 + Level 1.1 Summonings
 + Level 1.1 Necromancy
 + Level 1.1 Translocations
 + Level 1.1 Transmutations
 + Level 1.1 Fire Magic
 + Level 1.1 Ice Magic
 + Level 1.1 Air Magic
 + Level 1.1 Earth Magic
 + Level 1.1 Poison Magic
 + Level 1.5 Invocations
 + Level 1.4 Evocations


You had 3 spell levels left.
You knew the following spells:

 Your Spells              Type           Power        Failure   Level  Hunger
g - Shroud of Golubria    Chrm/Tloc      ####......   1%          2    None
i - Infusion              Chrm           ####         1%          1    None
r - Regeneration          Chrm/Necr      ####......   1%          3    ##.....
w - Spectral Weapon       Hex/Chrm       ####....     1%          3    ##.....
y - Song of Slaying       Chrm           #####...     1%          2    None


Dungeon Overview and Level Annotations

Branches:
Dungeon (6/15)
 Temple: D:4-7

Altars:


Innate Abilities, Weirdness & Mutations

Your experience applies equally to all skills.
You have very sharp teeth.
Your uncanny sense of smell can sniff out nearby items.


Message History

You kill the ogre!
Your Conjurations skill increases to level 1!
Your Hexes skill increases to level 1!
Your Summonings skill increases to level 1!
Your Necromancy skill increases to level 1!
Your Translocations skill increases to level 1!
Your Transmutations skill increases to level 1!
Your Fire Magic skill increases to level 1!
Your Ice Magic skill increases to level 1!
Your Air Magic skill increases to level 1!
Your Earth Magic skill increases to level 1!
Your Poison Magic skill increases to level 1!
You have reached level 5!
You see here 7 gold pieces.
You now have 92 gold pieces (gained 7).
Your spectral weapon fades away.
There is an escape hatch in the floor here.
You see here 12 gold pieces.
You now have 104 gold pieces (gained 12).
There is an escape hatch in the floor here.
You slide downwards.
The hatch slams shut behind you. 2 orcs, an orc wizard and a skeleton come into view.
The orc moves out of view.
Found an iron wand.
The orc wizard shouts!
An orc wizard comes into view. It is wielding an enchanted dagger.
The orc wizard shouts!
You hear a shout!
The orc shouts!
Casting: Shroud of Golubria
Confirm with . or Enter, or press ? or * to list all spells.
You draw out your weapon's spirit!
The orc wizard hits you with an enchanted dagger.
You hit the orc wizard but do no damage.
You barely miss the orc.
Your spectral weapon hits the orc wizard.
Your spectral weapon hits the orc.
Your spectral weapon hits the orc wizard but does no damage.
The orc hits you with a short sword.
The orc wizard hits you with an enchanted dagger.
You closely miss the orc wizard.
The orc wizard is moderately wounded.
You hit the orc but do no damage.
Your spectral weapon hits the orc wizard but does no damage.
Your spectral weapon closely misses the orc wizard.
Your spectral weapon hits the orc.
The orc hits you with a short sword. The orc wizard casts a spell at you.
The magic dart hits you!
* * * LOW HITPOINT WARNING * * *
You hit the orc.
The orc is severely wounded.
You barely miss the orc wizard. You closely miss the orc.
Your spectral weapon hits the orc.
Your spectral weapon closely misses the orc wizard.
Your spectral weapon hits the orc wizard.
The orc wizard hits you with an enchanted dagger.
* * * LOW HITPOINT WARNING * * *
The orc hits your spectral weapon with a short sword.
The orc hits you with a whip.
* * * LOW HITPOINT WARNING * * *
The orc wizard mumbles some strange words.
The orc wizard flickers and vanishes!
You hit the orc.
You kill the orc!
You closely miss the orc wizard. You barely miss the orc.
The orc wizard barely misses you. The orc misses you.
Something hits your spectral weapon.
You hit the orc wizard.
The orc wizard is heavily wounded.
You hit the orc.
Your spectral weapon barely misses the orc wizard.
Your spectral weapon barely misses something.
The orc wizard hits you with an enchanted dagger.
* * * LOW HITPOINT WARNING * * *
The orc barely misses you.
Something closely misses your spectral weapon.
It was a potion of flight.
You feel very buoyant.
You fly up into the air.
The orc wizard misses you. The orc misses you.
It was a potion of curing.
You feel better. The orc wizard closely misses you. The orc misses you.
Something hits you.
* * * LOW HITPOINT WARNING * * *
You hit the orc wizard.
The orc wizard is severely wounded.
You hit the orc.
You kill the orc!
You barely miss something.
Your spectral weapon barely misses the orc wizard.
The orc wizard hits you with an enchanted dagger.
* * * LOW HITPOINT WARNING * * *
Something hits you.
* * * LOW HITPOINT WARNING * * *
The orc wizard hits you with an enchanted dagger.
* * * LOW HITPOINT WARNING * * *
It was a potion of brilliance.
You feel clever all of a sudden. The hound skeleton misses you.
You hear some strange, mumbled words.
A magic dart appears from out of thin air!
The magic dart hits you!
You die...

#.# ... #.# #
#.#.#
.#######.#.#
^......(...
.###./Zo.####
......{@)...#
##.#.######.#
..# ...#
Z...# .....#
......#
#......#


You could see an orc wizard, a hound skeleton and a friendly spectral hand axe.

Vanquished Creatures
  An ogre (D:5)
  2 adders
  A worm (D:2)
  A dart slug (D:1)
  3 leopard geckos
  2 orcs (D:6)
  A ball python (D:3)
  A giant cockroach (D:2)
  4 goblins
  4 hobgoblins (D:3)
  A quokka (D:3)
  3 bats
  9 frilled lizards
  5 kobolds
  A rat (D:1)
39 creatures vanquished.

Notes
Turn   | Place    | Note
-------+----------+-------------------------------------------
     0 | D:1      | tidbits the Gnoll Skald began the quest for the Orb.
     0 | D:1      | Reached XP level 1. HP: 20/20 MP: 6/6
   100 | D:1      | Reached XP level 2. HP: 13/26 MP: 2/7
   105 | D:1      | Learned a level 2 spell: Song of Slaying
   108 | D:1      | Learned a level 2 spell: Shroud of Golubria
   400 | D:2      | Reached skill level 5 in Spellcasting
   400 | D:2      | Reached XP level 3. HP: 29/31 MP: 4/9
   405 | D:2      | Learned a level 3 spell: Regeneration
   409 | D:2      | Learned a level 3 spell: Spectral Weapon
   496 | D:3      | Reached skill level 1 in Invocations
   585 | D:4      | Reached skill level 1 in Short Blades
   585 | D:4      | Reached skill level 1 in Long Blades
   585 | D:4      | Reached skill level 1 in Maces & Flails
   585 | D:4      | Reached skill level 1 in Polearms
   585 | D:4      | Reached skill level 1 in Staves
   585 | D:4      | Reached skill level 1 in Slings
   585 | D:4      | Reached skill level 1 in Bows
   585 | D:4      | Reached skill level 1 in Crossbows
   585 | D:4      | Reached skill level 1 in Throwing
   585 | D:4      | Reached skill level 1 in Stealth
   585 | D:4      | Reached skill level 1 in Shields
   585 | D:4      | Reached skill level 1 in Unarmed Combat
   585 | D:4      | Reached skill level 1 in Evocations
   585 | D:4      | Reached XP level 4. HP: 30/38 MP: 0/11
   605 | D:5      | Entered Level 5 of the Dungeon
   629 | D:5      | Noticed an ogre
   638 | D:5      | Killed an ogre
   638 | D:5      | Reached skill level 1 in Conjurations
   638 | D:5      | Reached skill level 1 in Hexes
   638 | D:5      | Reached skill level 1 in Summonings
   638 | D:5      | Reached skill level 1 in Necromancy
   638 | D:5      | Reached skill level 1 in Translocations
   638 | D:5      | Reached skill level 1 in Transmutations
   638 | D:5      | Reached skill level 1 in Fire Magic
   638 | D:5      | Reached skill level 1 in Ice Magic
   638 | D:5      | Reached skill level 1 in Air Magic
   638 | D:5      | Reached skill level 1 in Earth Magic
   638 | D:5      | Reached skill level 1 in Poison Magic
   638 | D:5      | Reached XP level 5. HP: 28/43 MP: 2/12
   668 | D:6      | Killed from afar by an orc wizard

Skill      XL: |  1  2  3  4 |
---------------+-------------+-----
Spellcasting   | 5 |  5.1
Invocations    | 1 |  1.5
Short Blades   | 1 |  1.4
Long Blades    | 1 |  1.4
Maces & Flails | 1 |  1.4
Polearms       | 1 |  1.4
Staves         | 1 |  1.4
Slings         | 1 |  1.4
Bows           | 1 |  1.4
Crossbows      | 1 |  1.4
Throwing       | 1 |  1.4
Stealth        | 1 |  1.4
Shields        | 1 |  1.4
Unarmed Combat | 1 |  1.4
Evocations     | 1 |  1.4
Conjurations   | 1 |  1.1
Hexes          | 1 |  1.1
Summonings     | 1 |  1.1
Necromancy     | 1 |  1.1
Translocations | 1 |  1.1
Transmutations | 1 |  1.1
Fire Magic     | 1 |  1.1
Ice Magic      | 1 |  1.1
Air Magic      | 1 |  1.1
Earth Magic    | 1 |  1.1
Poison Magic   | 1 |  1.1
Fighting       | |  4.7
Axes           | |  4.7
Armour         | |  2.9
Dodging        | |  4.7
Charms         | |  5.5

Action                   |  1- 3 |  4- 6 || total
-------------------------+-------+-------++-------
Melee: Hand axe          |    76 |    10 ||    86
       Bite              |     3 |       ||     3
 Cast: Infusion          |     8 |       ||     8
       Spectral Weapon   |     8 |     2 ||    10
       Shroud of Golubri |       |     1 ||     1
  Use: Potion            |       |     3 ||     3
 Stab: Sleeping          |     1 |       ||     1
Armor: Leather armour    |    11 |       ||    11
Dodge: Dodged            |    52 |     8 ||    60

Table legend:
 A = Turns spent in this place as a percentage of turns spent in the entire game.
 B = Non-inter-level travel turns spent in this place as a percentage of non-inter-level travel turns spent in the entire game.
 C = Inter-level travel turns spent in this place as a percentage of turns spent in this place.
 D = Turns resting spent in this place as a percentage of non-inter-level travel turns spent in this place.
 E = Turns spent auto-exploring this place as a percentage of non-inter-level travel turns spent in this place.
 F = Non-inter-level travel turns spent in this place divided by the number of levels of this place that you've seen.
                   A       B       C       D       E      F
               +-------+-------+-------+-------+-------+----------------------
         Total | 100.0 | 100.0 |   8.4 |   0.0 |   0.0 | 102.0
       Dungeon | 100.0 | 100.0 |   8.4 |   0.0 |   0.0 | 102.0
               +-------+-------+-------+-------+-------+----------------------

Table legend:
 A = Kills in this place as a percentage of kills in entire the game.
 B = Kills by you in this place as a percentage of kills by you in the entire game.
 C = Kills by friends in this place as a percentage of kills by friends in the entire game.
 D = Other kills in this place as a percentage of other kills in the entire game.
 E = Experience gained in this place as a percentage of experience gained in the entire game.
 F = Experience gained in this place divided by the number of levels of this place that you have seen.
                   A       B       C       D       E      F
               +-------+-------+-------+-------+-------+----------------------
         Total | 100.0 | 100.0 |   N/A |   N/A | 100.0 |  35.5
       Dungeon | 100.0 | 100.0 |   N/A |   N/A | 100.0 |  35.5
               +-------+-------+-------+-------+-------+----------------------

Vault maps used:
D:1:      dpeg_arrival_rooms_c
D:2:      cheibrodos_old_hovel, nicolae_gozag_seed_capital,
          evilmike_ruin_ashenzari, uniq_robin
D:3:      kennysheep_generic_room_14, uniq_sigmund
D:4:      grunt_qazlal_clouds, temple_pool_b, first_ration, serial_shops,
          nicolae_shop_trees, enter_ossuary_5
D:5:      lemuel_upstairs_altar, lemuel_crystal_altar, basic_altar
D:6:      lemuel_round_altar, kennysheep_mini_moat, minmay_checkerbox,
          uniq_grinder
